AoeStats
← Sid

Arabia

509260579Analyzed
2v2 RM · 6d ago on Sep 26, 2026· 27m 34s· 4 players
Game mode
Random Map
Map size
Medium (4 player)
Population
200
Speed
Normal
Resources
Standard
Victory
Conquest
Starting age
Dark Age
Ending age
Imperial Age
RankedLock teamsTeams togetherTeam positionsShared explorationLock speedFull tech treeHidden civsTurbo modeCheats
Victory
Defeat
🇯🇵 Varangians · Japan
1255
+13
🇯🇵 Vikings · Japan
1229
+14
🇺🇸 Britons · United States
1225
-16
🇩🇰 Celts · Denmark
1133
-11
Poop Fern
3:22 Loom
9:22 Feudal Age
10:24 Double-Bit Axe
15:47 Fletching
17:38 Horse Collar
19:30 Padded Archer Armor
24:41 Castle Age
24:42 Elite Skirmisher
26:12 Bow Saw
runenielsen4114
9:15 Loom
11:54 Feudal Age
12:44 Double-Bit Axe
13:35 Wheelbarrow
19:46 Castle Age
18:00 Forging
17:52 Scale Mail Armor
18:29 Horse Collar
19:19 Fletching
22:13 Iron Casting
23:23 Bodkin Arrow
24:21 Padded Archer Armor
24:30 Elite Skirmisher
24:43 Pikeman
fumin
5:21 Loom
9:29 Feudal Age
10:10 Double-Bit Axe
13:06 Fletching
18:12 Man-at-Arms
21:13 Castle Age
20:51 Padded Archer Armor
20:32 Horse Collar
20:43 Gold Mining
21:41 Town Watch
21:17 Crossbowman
21:56 Bodkin Arrow
25:53 Bow Saw
26:19 Gold Shaft Mining
27:40 Ballistics
Sid
5:41 Loom
8:44 Feudal Age
9:22 Double-Bit Axe
11:04 Horse Collar
13:01 Bloodlines
19:39 Wheelbarrow
20:17 Scale Barding Armor
24:39 Castle Age
23:05 Gold Mining
23:35 Forging
24:57 Town Watch
25:23 Husbandry
26:02 Chain Barding Armor
25:42 Stone Mining
27:00 Light Cavalry
Connection lost

Rejoining the realm…

Still unreachable

The connection could not be restored.

Session expired

The server has moved on; the page needs a fresh start.